 Dungeon Crawl Stone Soup version 0.26-a0-682-g294304f6e8 (webtiles) character file.

Game seed: 6580961479288054965

(classic levelgen) 2 EnegeticOcto the Chiller (level 1, -2/11 HPs)
             Began as a Halfling Ice Elementalist on Oct 21, 2020.
             Slain by an adder (3 damage)
             ... on level 2 of the Dungeon.
             The game lasted 00:00:38 (86 turns).

EnegeticOcto the Chiller (Halfling Ice Elementalist)  Turns: 86, Time: 00:00:39

Health: -2/11      AC:  2    Str:  9    XL:     1   Next: 44%
Magic:  0/3        EV: 19    Int: 13    God:
Gold:   5          SH:  0    Dex: 14    Spells: 2/3 levels left

rFire    . . .     SeeInvis .   e - +0 hand axe
rCold    . . .     Faith    .   (shield restricted)
rNeg     . . .     Spirit   .   a - +0 robe
rPois    .         Reflect  .   (no helmet)
rElec    .         Harm     .   (no cloak)
rCorr    .         Rampage  .   (no gloves)
MR       +....                  (no boots)
Stlth    ++........             (no amulet)
HPRegen  0.03/turn              c - ring of protection from magic
MPRegen  0.08/turn              d - +4 ring of evasion

@: lethally poisoned (-2 -> -11)
A: small, mutation resistance 1
a: no special abilities


You were on level 2 of the Dungeon.
You visited 1 branch of the dungeon, and saw 2 of its levels.

You collected 5 gold pieces.

Inventory:

Hand Weapons
 e - a +0 hand axe (weapon)
Armour
 a - a +0 robe (worn)
Jewellery
 c - a ring of protection from magic (left hand)
 d - a +4 ring of evasion (right hand)
Scrolls
 b - a scroll of enchant armour {unknown}


   Skills:
 - Level 2.1 Dodging
 - Level 2.1 Stealth
 - Level 1.5 Spellcasting
 + Level 4.1 Ice Magic


You had 2 spell levels left.
You knew the following spells:

 Your Spells              Type           Power        Failure   Level
a - Freeze                Ice            ##..         4%          1

Your spell library contained the following spells:

 Spells                   Type           Power        Failure   Level
 Frozen Ramparts          Ice            ##....       14%         3
 Ozocubu's Armour         Ice            ##......     14%         3
 Hailstorm                Conj/Ice       #.......     75%         4
 Summon Ice Beast         Ice/Summ       #.......     75%         4


Dungeon Overview and Level Annotations

Branches:
Dungeon (2/15)

Altars:


Innate Abilities, Weirdness & Mutations

You are small and have problems with some larger weapons.
You are somewhat resistant to further mutation.


Message History

Casting: Freeze (safe; 4% risk of failure)
Confirm with . or Enter, or press ? or * to list all spells.
Aiming: Freeze (safe; 4% risk of failure)
Press: ? - help, Shift-Dir - straight line, f - bat
Aim: a bat You freeze the bat.
You kill the bat!
The bat closely misses you.
Casting: Freeze (safe; 4% risk of failure)
Confirm with . or Enter, or press ? or * to list all spells.
Aiming: Freeze (safe; 4% risk of failure)
Press: ? - help, Shift-Dir - straight line, f - bat
Aim: a bat You freeze the bat.
The bat is severely wounded.
The bat hits you but does no damage. x2
The bat hits you but does no damage.
Casting: Freeze (safe; 4% risk of failure)
Confirm with . or Enter, or press ? or * to list all spells.
Aiming: Freeze (safe; 4% risk of failure)
Press: ? - help, Shift-Dir - straight line, f/p - bat
Aim: a bat (severely wounded)
You freeze the bat.
You kill the bat!
c - a tubular peridot ring
c - a ring of protection from magic (left hand)
Found 8 arrows and 5 gold pieces.
You now have 5 gold pieces.
You open the door.
Found a pearl ring.
There is an open door here.
Found a hand axe.
Found a stone staircase leading down.
A rat comes into view.
You see here a pearl ring.
d - a +4 ring of evasion (right hand)
You see here a hand axe.
e - a +0 hand axe (weapon)
The helpless rat fails to defend itself.
You hit the rat but do no damage. The rat closely misses you.
You closely miss the rat. The rat barely misses you.
You hit the rat but do no damage. The rat barely misses you.
The rat bites you but does no damage.
You hit the rat.
You kill the rat!
No target in view!
No target in view!
There is a stone staircase leading down here.
You climb downwards.
A giant cockroach comes into view.
There is a stone staircase leading up here.
An adder comes into view.
The adder hisses angrily.
Casting: Freeze (safe; 4% risk of failure)
Confirm with . or Enter, or press ? or * to list all spells.
Press: ? - help, Shift-Dir - straight line, f - adder
Aim: an adder You freeze the adder.
The adder is moderately wounded.
The adder seems to slow down.
The giant cockroach completely misses you.
The adder closely misses you. The giant cockroach bites you.
Casting: Freeze (safe; 4% risk of failure)
Confirm with . or Enter, or press ? or * to list all spells.
Aiming: Freeze (safe; 4% risk of failure)
Press: ? - help, Shift-Dir - straight line, f/p - adder
Aim: an adder (moderately wounded, slow)
You freeze the adder.
The adder is moderately wounded.
The adder seems to slow down.
The giant cockroach completely misses you.
The adder completely misses you.
Casting: Freeze (safe; 4% risk of failure)
Confirm with . or Enter, or press ? or * to list all spells.
Aiming: Freeze (safe; 4% risk of failure)
Press: ? - help, Shift-Dir - straight line, f/p - adder
Aim: an adder (moderately wounded, slow)
You freeze the adder.
The adder is almost dead.
The giant cockroach bites you. The adder bites you.
You are lethally poisoned!
The adder poisons you!
You closely miss the adder.
The adder is almost dead.
You hit the giant cockroach but do no damage.
* * * LOW HITPOINT WARNING * * *
You feel sick. The giant cockroach misses you.
The giant cockroach barely misses you. The adder bites you but does no damage.
You closely miss the adder.
The adder is almost dead.
You closely miss the giant cockroach.
The adder is no longer moving slowly.
The giant cockroach barely misses you. The adder bites you but does no damage.
You barely miss the adder.
The adder is almost dead.
You closely miss the giant cockroach.
* * * LOW HITPOINT WARNING * * *
You feel sick. The giant cockroach bites you.
* * * LOW HITPOINT WARNING * * *
The adder completely misses you. The giant cockroach misses you.
The adder bites you.
You die...

#.... ##.#.# .
# #....#.#.#
#####....#...#.
#.....<........
#.....#..#....
#...........##
#........#..#.
######@B.......
#.....S..#.....
#........#.....
#........# ....
#......### ...
#......#
#......#
#####...


You could see an adder and a giant cockroach.

Vanquished Creatures
  2 bats (D:1)
  A kobold (D:1)
  A rat (D:1)
4 creatures vanquished.

Notes
Turn   | Place    | Note
-------+----------+-------------------------------------------
     0 | D:1      | EnegeticOcto the Halfling Ice Elementalist began the quest
                  | for the Orb.
     0 | D:1      | Reached XP level 1. HP: 11/11 MP: 3/3
    86 | D:2      | Slain by an adder

Illustrated notes

Levels and vault maps discovered:
D:1:      ldierk_water_garden, layout_basic, minmay_misc_feat_enclosed
D:2:      layout_basic

Action                   || total
-------------------------++-------
Melee: Hand axe          ||     7
 Cast: Freeze            ||     7
 Stab: Sleeping          ||     1
Armor: Robe              ||     6
Dodge: Dodged            ||    15

Table legend: (Time is in decaauts)
 A = Elapsed time spent in this place.
 B = Non-inter-level travel time spent in this place.
 C = Inter-level travel time spent in this place.
 D = Time resting spent in this place.
 E = Time spent auto-exploring this place.
 F = Levels seen in this place.
 G = Mean time per level.
                   A        B        C        D        E       F      G
               +--------+--------+--------+--------+--------+-----+--------+
         Total |     86 |     86 |      0 |      0 |      0 |   2 |   43.0 |
       Dungeon |     86 |     86 |      0 |      0 |      0 |   2 |   43.0 |
               +--------+--------+--------+--------+--------+-----+--------+

Top non-repeatable levels by time:
     D:1: 76 daAuts
     D:2: 10 daAuts
